 Dungeon Crawl Stone Soup version 0.30.0-29-ga12c61a403 (webtiles) character file.

Game seed: 7118364799757339378

2198 H0rd4k the Charlatan (level 9, 0/62 (68) HPs)
             Began as a Human Artificer on June 23, 2023.
             Was an Initiate of Gozag.
             Slain by a scorpion (3 damage)
             ... on level 6 of the Dungeon.
             The game lasted 00:10:05 (6097 turns).

H0rd4k the Charlatan (Human Artificer)              Turns: 6097, Time: 00:10:06

HP:   0/62 (68)     AC:  6    Str: 13    XL:     9   Next: 60%
MP:   3/3           EV: 12    Int: 19    God:    Gozag
Gold: 490           SH:  0    Dex: 14    Spells: 8/8 levels left

rFire   + + +        L - +7 arbalest of Yeast {antimagic, *Corrode rF+++ Int+4}
rCold   . . .        (shield currently unavailable)
rNeg    . . .        A - +1 ring mail {rPois}
rPois   +            (no helmet)
rElec   .            (no cloak)
rCorr   .            (no gloves)
SInv    .            (no boots)
Will    .....        h - amulet of the acrobat
Stlth   ++           r - ring of flight
HPRegen 0.30/turn    (no ring)
MPRegen 0.08/turn

%: corrode self (3%), acrobat
@: flying, drained
A: no striking features
a: Renounce Religion, Potion Petition, Call Merchant, Bribe Branch


You were on level 6 of the Dungeon.
You worshipped Gozag.
Gozag was aware of your devotion.
You visited 2 branches of the dungeon, and saw 7 of its levels.

You collected 822 gold pieces.
You spent 218 gold pieces at shops.
You paid 114 gold pieces to Gozag.

Inventory:

Hand Weapons
 d - a +0 dagger of freezing
 f - a +0 flail
 y - a +0 dagger of holy wrath
 C - a +2 dagger of venom
 L - the +7 arbalest of Yeast (weapon) {antimagic, *Corrode rF+++ Int+4}
   (You bought it in a shop on level 5 of the Dungeon)

   Int:       It affects your intelligence (+4).
   rF:        It renders you almost immune to fire.
   *Corrode:  It may corrode you when you take damage.
Missiles
 B - 13 poisoned darts
 H - 9 throwing nets
Armour
 b - a +0 leather armour
 u - an orb of wrath
 A - a +1 ring mail of poison resistance (worn)
Magical Staves
 D - a staff of earth
Jewellery
 h - an amulet of the acrobat (around neck)
 r - a ring of flight (left hand)
 I - an amulet of reflection
Wands
 c - a wand of flame (14)
 E - a wand of iceblast (9)
 J - a wand of digging (5)
Scrolls
 g - a scroll of blinking {unknown}
 k - a scroll of butterflies {unknown}
 l - 3 scrolls of identify {unknown}
 m - 2 scrolls of magic mapping {unknown}
 n - a scroll of poison {unknown}
 o - 2 scrolls of teleportation {unknown}
 q - a scroll of immolation {unknown}
 v - a scroll of amnesia {unknown}
 F - a scroll of vulnerability {unknown}
 G - a scroll of noise {unknown}
 K - 2 scrolls of fear {unknown}
 M - a scroll of enchant weapon {unknown}
Potions
 a - 2 potions of heal wounds {unknown}
 e - a potion of magic {unknown}
 i - 3 potions of mutation {unknown}
 j - a potion of brilliance {unknown}
 p - a potion of might {unknown}
 s - 5 potions of curing
 t - a potion of ambrosia {unknown}
 w - 2 potions of attraction {unknown}
 x - a potion of berserk rage {unknown}
 z - a potion of cancellation {unknown}


   Skills:
 + Level 5.2 Fighting
 + Level 4.6 Short Blades
 - Level 4.1 Maces & Flails
 + Level 0.4 Ranged Weapons
 - Level 2.0 Armour
 + Level 5.3 Dodging
 + Level 4.4 Stealth
 + Level 6.2 Evocations


You had 8 spell levels left.
You didn't know any spells.
Your spell library contained the following spells:

 Spells                   Type           Power      Damage    Failure   Level
 Beastly Appendage        Tmut           0%         N/A       41%         1
 Magic Dart               Conj           0%         1d3       41%         1
 Shock                    Conj/Air       0%         1d3       41%         1
 Call Imp                 Summ           0%         N/A       54%         2
 Wereblood                Tmut           0%         N/A       54%         2
 Gell's Gravitas          Tloc           0%         N/A       78%         3
 Mephitic Cloud           Conj/Pois/Air  0%         N/A       78%         3
 Spider Form              Tmut/Pois      0%         N/A       78%         3
 Swiftness                Air            0%         N/A       78%         3
 Teleport Other           Tloc           0%         N/A       78%         3
 Volatile Blastmotes      Fire/Tloc      0%         2d10      78%         3
 Airstrike                Air            0%         2d(0-16)  99%         4
 Fulminant Prism          Conj/Hex       0%         3d5       99%         4
 Iskenderun's Mystic Bla  Conj/Tloc      0%         2d3       99%         4
 Lee's Rapid Deconstruct  Erth           0%         3d4*      100%        5
 Dispersal                Tloc           0%         N/A       100%        6


Dungeon Overview and Level Annotations

Branches:
Dungeon (6/15)             Temple (1/1) D:5

Altars:
Ashenzari
Dithmenos
Fedhas
Gozag
Kikubaaqudgha
Makhleb
Okawaru
Qazlal
Ru
Sif Muna
Trog
Uskayaw
Xom
Yredelemnul
The Shining One

Shops:
D:5 :(

Annotations:
D:3 exclusion: downstairs
D:4 exclusion: downstairs, Grinder


Message History

An orc comes into view. It is wielding a +0 mace.
The orc moves out of view.
An orc wizard comes into view. It is wielding a +0 dagger.
Okay, then.
Aiming: Dig
Press: ? - help, Shift-Dir - straight line, p - wight A rock wall.
The rock shatters into small pieces.
The wight hits you from afar with a +5 spear.
The orc priest invokes the aid of Beogh against you.
Beogh smites you! The scorpion closely misses you.
The orc shouts!
Found 3 stones.
You are too injured to fight recklessly!
Fire: L) +7 arbalest of Yeast {antimagic, *Corrode rF+++ Int+4}
Press: ? - help, Q - select action, (/) - cycle Shift-Dir - straight line, f - wight
Aim: a wight, wielding a +0 dagger and wearing a +0 robe (severely damaged, 64% to hit)
You shoot a bolt. The bolt barely misses the wight.
The scorpion stings you. The wight hits you but does no damage.
An orc comes into view. It is wielding a +2 dagger of venom.
The wight barely misses you. The scorpion completely misses you.
The wight barely misses you. The wight hits you with a +0 dagger.
You feel drained.
Fire: L) +7 arbalest of Yeast {antimagic, *Corrode rF+++ Int+4}
Press: ? - help, Q - select action, (/) - cycle Shift-Dir - straight line, f/p - wight
Aim: a wight, wielding a +0 dagger and wearing a +0 robe (severely damaged, 64% to hit)
You shoot a bolt. The bolt hits the wight.
The wight is almost destroyed.
The scorpion barely misses you. The wight hits you with a +0 dagger.
The wight hits you from afar with a +5 spear!
* * * LOW HITPOINT WARNING * * *
An orc wizard comes into view. It is wielding a +0 dagger.
The scorpion misses you.
The wight hits you from afar with a +5 spear!
* * * LOW HITPOINT WARNING * * *
You feel drained.
* * * LOW HITPOINT WARNING * * *
The wight barely misses you. The scorpion stings you.
You die...
Your body crumbles into a pile of gold.

##.##.# #####
#.##.#.....
..##.#.#.###
#####(..z....
#.#.#####
#h......# $
#z#.###O#
##.####.#.#
......z@# .
#.(####s# ..


ofo .. ##.oo ... #.o.. #..... ......o #....... You could see a sleepcap, a
scorpion, a hound, 2 wights, 3 orc wizards and 3 orcs.

Vanquished Creatures
  Pikel (D:4)
  A sky beast (D:3)
  An ice beast (D:6)
  An ogre (D:5)
  A phantom (D:5)
  2 gnoll sergeants (D:5)
  2 scorpions
  A howler monkey (D:4)
  A jelly (D:4)
  4 gnoll boudas (D:5)
  7 hounds
  A sleepcap (D:5)
  2 iguanas
  Terence (D:3)
  Ijyb (D:4)
  Natasha (thrice) (D:3)
  2 orc wizards
  30 gnolls (D:5)
  3 adders
  2 worms (D:2)
  4 dart slugs
  7 orcs
  3 ball pythons (D:2)
  6 endoplasms
  2 giant cockroaches
  4 goblins
  5 hobgoblins
  11 jackals
  A quokka (D:1)
  3 bats
  3 frilled lizards
  5 kobolds
  7 rats
128 creatures vanquished.

Vanquished Creatures (collateral kills)
  An orc priest (D:4)
  A hound (D:5)
  3 gnolls (D:5)
  4 orcs
9 creatures vanquished.

Vanquished Creatures (others)
  An ogre (D:3)
  A gnoll sergeant (D:5)
  A jelly (D:5)
  2 gnolls (D:5)
  An adder (D:4)
  A kobold (D:4)
7 creatures vanquished.

Grand Total: 144 creatures vanquished

Notes
Turn   | Place    | Note
-------+----------+-------------------------------------------
     0 | D:1      | H0rd4k the Human Artificer began the quest for the Orb.
     0 | D:1      | Reached XP level 1. HP: 15/15 MP: 1/1
   139 | D:1      | Reached XP level 2. HP: 18/21 MP: 2/2
   954 | D:2      | Reached XP level 3. HP: 15/26 MP: 3/3
  1260 | D:2      | Reached skill level 1 in Maces & Flails
  1398 | D:2      | Reached XP level 4. HP: 32/32 MP: 4/4
  1761 | D:3      | Noticed Natasha
  1773 | D:3      | Killed Natasha
  1819 | D:3      | Noticed Natasha
  1823 | D:3      | Killed Natasha
  1824 | D:3      | Reached XP level 5. HP: 37/37 MP: 5/5
  1847 | D:3      | Noticed Natasha
  1850 | D:3      | Killed Natasha
  1885 | D:3      | Found a stormy altar of Qazlal.
  1885 | D:3      | Noticed a sky beast
  1966 | D:3      | Found a faded altar of an unknown god.
  2244 | D:3      | Noticed Terence
  2247 | D:3      | Killed Terence
  2345 | D:3      | Noticed an ogre
  2398 | D:3      | Killed a sky beast
  2399 | D:3      | Reached skill level 4 in Evocations
  2399 | D:3      | Reached XP level 6. HP: 44/44 MP: 6/6
  2685 | D:4      | Noticed Ijyb
  2713 | D:4      | Killed Ijyb
  2747 | D:4      | Noticed Grinder
  2793 | D:4      | Noticed Pikel
  2853 | D:4      | Reached XP level 7. HP: 10/50 MP: 7/7
  3243 | D:4      | Killed Pikel
  3244 | D:4      | Reached skill level 5 in Evocations
  3244 | D:4      | Reached XP level 8. HP: 58/58 MP: 8/8
  3453 | D:5      | Entered Level 5 of the Dungeon
  3487 | D:5      | Found a staircase to the Ecumenical Temple.
  3528 | Temple   | Entered the Ecumenical Temple
  3621 | Temple   | Became a worshipper of Gozag Ym Sagoz the Greedy
  3891 | D:5      | Found Jeij's Antique Weapon Shoppe.
  3933 | D:5      | Reached skill level 1 in Short Blades
  4328 | D:5      | Reached XP level 9. HP: 66/66 MP: 9/9
  4741 | D:5      | Reached skill level 6 in Evocations
  5324 | D:5      | Found Guph's Book Shoppe.
  5412 | D:5      | Reached skill level 5 in Dodging
  5657 | D:5      | Reached skill level 5 in Fighting
  5932 | D:5      | Bought a fine arbalest for 218 gold pieces
  5932 | D:5      | Identified the +7 arbalest of Yeast {antimagic, *Corrode
                  | rF+++ Int+4} (You bought it in a shop on level 5 of the
                  | Dungeon)
  6097 | D:6      | HP: 3/62 [wight/+5 spear (2)]
  6097 | D:6      | Slain by a scorpion

Illustrated notes

Levels and vault maps discovered:
D:1:      dpeg_arrival_more_subterranean_lakeside_camping, layout_loops_ring,
          dk_noncrumbling_2, minmay_misc_feat_encased
D:2:      layout_loops_ring
D:3:      layout_loops_ring, nicolae_qazlal_beasts_of_the_sky,
          chequers_ecumenical_altar_grove, uniq_terence, uniq_natasha
D:4:      layout_rooms, uniq_crazy_yiuf_cottage, uniq_grinder, uniq_pikel,
          uniq_ijyb
D:5:      layout_cave_pools, minmay_temple_entry_butterflies, serial_gnoll_camp,
          gnoll_camp_huts_moat, gnoll_camp_mini_shop, gnoll_camp_mini_shop,
          gnoll_camp_medium_02, gnoll_camp_mini_house
D:6:      layout_loops_ring, kennysheep_mini_moat,
          worldfamousw_hep_ancestral_shrine, nicolae_ossuary_entry_ruins,
          hangedman_abyss_or_decor_stagger, kennysheep_doodads
Temple:   nicolae_temple_two_arcs

Skill      XL: |  1  2  3  4  5  6  7  8  9 |
---------------+----------------------------+-----
Maces & Flails | 1 2 3 4 |  4.1
Dodging        | 2 4 5 |  5.3
Stealth        | 2 3 4 |  4.4
Evocations     | 4 5 6 |  6.2
Fighting       | 2 3 4 5 |  5.2
Short Blades   | 2 4 |  4.6
Ranged Weapons | |  0.4
Armour         | |  2.0

Action                     |  1- 3 |  4- 6 |  7- 9 || total
---------------------------+-------+-------+-------++-------
  Melee: Flail             |    98 |    79 |    24 ||   201
         Club              |     1 |       |       ||     1
         Punch             |     1 |     1 |     6 ||     8
         Dagger            |       |       |   292 ||   292
   Fire: Arbalest          |       |       |    28 ||    28
  Evoke: Wand              |     1 |    25 |    24 ||    50
   Stab: Sleeping          |     3 |     4 |     1 ||     8
         Distracted        |       |       |     1 ||     1
 Armour: Leather armour    |    37 |    13 |       ||    50
         Ring mail         |       |    17 |    97 ||   114
  Dodge: Dodged            |    78 |    80 |   300 ||   458
